BSA
ORLANDO CALRISSIAN @ EL DORADO OILERS
09/28/2030
 
TOP OF THE 1ST
Orlando Calrissian batting - Pitching for El Dorado Oilers : RHP Tomás Molina
Pitching: RHP Tomás Molina
Batting: RHB Jesús Gonzáles 0-0: Ball
1-0: Ball
2-0: SINGLE (Line Drive, 56D)
Batting: RHB Griswold Coleman 0-0: Called Strike
0-1: Ball
1-1: Swinging Strike
1-2: SINGLE (Flyball, 9S)
Jesús Gonzáles to second
Runner from 2nd tries for 3rd, SAFE, no throw
Batting: RHB Frederico Hernández 0-0: Ball
1-0: Foul Ball, location: 2F
1-1: Swinging Strike
1-2: Grounds into double play, 6-4-3 (Groundball, 6)
Jesús Gonzáles scores
Batting: RHB Gabriel Ángel 0-0: Ball
1-0: Called Strike
1-1: Foul Ball, location: 2F
1-2: Ball
2-2: Ball
3-2: Foul Ball, location: 2F
3-2: Ground out 4-3 (Groundball, 4)
Top of the 1st over - 1 run, 2 hits, 0 errors, 0 left on base; Orlando 1 - El Dorado 0
BOTTOM OF THE 1ST
El Dorado Oilers batting - Pitching for Orlando Calrissian : LHP Mark Collins
Pitching: LHP Mark Collins
Batting: RHB Nick Webb 0-0: Ball
1-0: Foul Ball, location: 2F
1-1: Ground out 5-3 (Groundball, 56)
Batting: RHB José Carlos Caraballo 0-0: SOLO HOME RUN (Flyball, 9LD), Distance : 371 ft
Batting: RHB Bob Johnson 0-0: Ball
1-0: SINGLE (Groundball, 4D)
Batting: RHB Sixto Vélez 0-0: Called Strike
0-1: Ball
1-1: Swinging Strike
1-2: Ball
2-2: Ball
3-2: Fly out, F9 (Flyball, 9D)
Batting: LHB Al Gaines 0-0: Ball
1-0: Called Strike
1-1: Swinging Strike
1-2: Ground out 4-3 (Groundball, 4)
Bottom of the 1st over - 1 run, 2 hits, 0 errors, 1 left on base; Orlando 1 - El Dorado 1
TOP OF THE 2ND
Orlando Calrissian batting - Pitching for El Dorado Oilers : RHP Tomás Molina
Batting: LHB Juan Colón 0-0: Ball
1-0: Ball
2-0: Ball
3-0: Swinging Strike
3-1: Base on Balls
Batting: RHB Gustavo Rodríguez 0-0: Fly out, F8 (Flyball, 8RD)
Batting: LHB Craig Kenney 0-0: Called Strike
0-1: Swinging Strike
0-2: SINGLE (Line Drive, 78S)
Juan Colón to second
Batting: LHB Zack Payton 0-0: Foul Ball, location: 2F
0-1: Ball
1-1: SINGLE (Groundball, 4D)
Juan Colón to third
Craig Kenney to second
Runner from 3rd tries for Home, SAFE, no throw
Batting: RHB Júlio Negrón 0-0: Called Strike
Craig Kenney steals 3rd base
0-1: Foul Ball, location: 2F
0-2: Strikes out looking
Batting: RHB Jesús Gonzáles 0-0: Ball
1-0: Fly out, F8 (Flyball, 78D)
Top of the 2nd over - 1 run, 2 hits, 0 errors, 2 left on base; Orlando 2 - El Dorado 1
BOTTOM OF THE 2ND
El Dorado Oilers batting - Pitching for Orlando Calrissian : LHP Mark Collins
Batting: SHB Theron Harper 0-0: Foul Ball, location: 2F
0-1: Ground out U3 (Groundball, 34)
Batting: RHB Vicente Carona 0-0: Foul Ball, location: 2F
0-1: SINGLE (Groundball, 6D)
Batting: RHB Tony Hernández 0-0: Ball
1-0: Foul Ball, location: 2F
1-1: Swinging Strike
1-2: Ball
2-2: SINGLE (Groundball, 56D)
Vicente Carona to second
Batting: LHB Bob Jones 0-0: Ball
1-0: Swinging Strike
1-1: Called Strike
1-2: Foul Ball, location: 2F
1-2: Strikes out swinging
Batting: RHB Nick Webb 0-0: Ball
1-0: Ball
2-0: Called Strike
2-1: Foul Ball, location: 2F
2-2: Ground out 1-3 (Groundball, 13)
Bottom of the 2nd over - 0 runs, 2 hits, 0 errors, 2 left on base; Orlando 2 - El Dorado 1
TOP OF THE 3RD
Orlando Calrissian batting - Pitching for El Dorado Oilers : RHP Tomás Molina
Batting: RHB Griswold Coleman 0-0: Called Strike
0-1: Foul Ball, location: 2F
0-2: Strikes out swinging, 2-3 out at first.
Batting: RHB Frederico Hernández 0-0: Foul Ball, location: 2F
0-1: Foul Ball, location: 2F
0-2: Fly out, F8 (Flyball, 8RD)
Batting: RHB Gabriel Ángel 0-0: Foul Ball, location: 2F
0-1: Called Strike
0-2: Strikes out swinging
Top of the 3rd over - 0 runs, 0 hits, 0 errors, 0 left on base; Orlando 2 - El Dorado 1
BOTTOM OF THE 3RD
El Dorado Oilers batting - Pitching for Orlando Calrissian : LHP Mark Collins
Batting: RHB José Carlos Caraballo 0-0: Called Strike
0-1: Called Strike
0-2: Foul Ball, location: 2F
0-2: Ball
1-2: Ball
2-2: Ground out 4-3 (Groundball, 4)
Batting: RHB Bob Johnson 0-0: Called Strike
0-1: SINGLE (Line Drive, 34)
Batting: RHB Sixto Vélez 0-0: Called Strike
0-1: Ball
1-1: Ball
2-1: Ball
3-1: Fly out, F7 (Flyball, 7D)
Batting: LHB Al Gaines 0-0: Ball
1-0: Called Strike
1-1: Called Strike
1-2: Foul Ball, location: 2F
1-2: Ball
2-2: SINGLE (Groundball, 34) (infield hit)
Bob Johnson to second
Batting: SHB Theron Harper 0-0: Fly out, F2 (Popup, 23F)
Bottom of the 3rd over - 0 runs, 2 hits, 0 errors, 2 left on base; Orlando 2 - El Dorado 1
TOP OF THE 4TH
Orlando Calrissian batting - Pitching for El Dorado Oilers : RHP Tomás Molina
Batting: LHB Juan Colón 0-0: Called Strike
0-1: Foul Ball, location: 2F
0-2: Ball
1-2: Ball
2-2: Foul Ball, location: 2F
2-2: Ball
3-2: Base on Balls
Batting: RHB Gustavo Rodríguez 0-0: Called Strike
0-1: Ball
1-1: Grounds into double play, 5-4-3 (Groundball, 56)
Batting: LHB Craig Kenney 0-0: SINGLE (Groundball, 34D)
Batting: LHB Zack Payton 0-0: Ball
Throwing error on steal attempt, E2
Craig Kenney to third
1-0: Swinging Strike
1-1: Foul Ball, location: 2F
1-2: Foul Ball, location: 2F
1-2: Strikes out swinging
Top of the 4th over - 0 runs, 1 hit, 1 error, 1 left on base; Orlando 2 - El Dorado 1
BOTTOM OF THE 4TH
El Dorado Oilers batting - Pitching for Orlando Calrissian : LHP Mark Collins
Batting: RHB Vicente Carona 0-0: SINGLE (Flyball, 7S)
Batting: RHB Tony Hernández 0-0: Foul Ball, location: 2F
0-1: Called Strike
0-2: Ball
1-2: Fly out, F3 (Popup, 3S)
Batting: LHB Bob Jones 0-0: Swinging Strike
0-1: Ball
1-1: Ball
2-1: Foul Ball, location: 2F
2-2: Strikes out swinging
Batting: RHB Nick Webb 0-0: Ball
1-0: Ball
2-0: Called Strike
2-1: Ground out 5-3 (Groundball, 56S)
Bottom of the 4th over - 0 runs, 1 hit, 0 errors, 1 left on base; Orlando 2 - El Dorado 1
TOP OF THE 5TH
Orlando Calrissian batting - Pitching for El Dorado Oilers : RHP Tomás Molina
Batting: RHB Júlio Negrón 0-0: Called Strike
0-1: Foul Ball, location: 2F
0-2: Strikes out looking
Batting: RHB Jesús Gonzáles 0-0: SINGLE (Line Drive, 8RS)
Batting: RHB Griswold Coleman 0-0: Ball
1-0: Ball
2-0: Fly out, F8 (Flyball, 8RM)
Batting: RHB Frederico Hernández 0-0: Called Strike
0-1: Called Strike
0-2: Strikes out swinging
Top of the 5th over - 0 runs, 1 hit, 0 errors, 1 left on base; Orlando 2 - El Dorado 1
BOTTOM OF THE 5TH
El Dorado Oilers batting - Pitching for Orlando Calrissian : LHP Mark Collins
Batting: RHB José Carlos Caraballo 0-0: Reached via error on a dropped throw, E3
Batting: RHB Bob Johnson 0-0: Fly out, F7 (Flyball, 7S)
Batting: RHB Sixto Vélez 0-0: Called Strike
0-1: Ball
1-1: Called Strike
1-2: Ball
2-2: Strikes out swinging
Batting: LHB Al Gaines 0-0: Ball
1-0: Fly out, F9 (Flyball, 9LS)
Bottom of the 5th over - 0 runs, 0 hits, 1 error, 1 left on base; Orlando 2 - El Dorado 1
TOP OF THE 6TH
Orlando Calrissian batting - Pitching for El Dorado Oilers : RHP Tomás Molina
Batting: RHB Gabriel Ángel 0-0: Called Strike
0-1: Ball
1-1: Foul Ball, location: 2F
1-2: Ball
2-2: Strikes out swinging
Batting: LHB Juan Colón 0-0: Foul Ball, location: 2F
0-1: Foul Ball, location: 2F
0-2: Ball
1-2: Strikes out swinging
Batting: RHB Gustavo Rodríguez 0-0: Ball
1-0: Ball
2-0: Called Strike
2-1: Foul Ball, location: 2F
2-2: Ball
3-2: Strikes out looking
Top of the 6th over - 0 runs, 0 hits, 0 errors, 0 left on base; Orlando 2 - El Dorado 1
BOTTOM OF THE 6TH
El Dorado Oilers batting - Pitching for Orlando Calrissian : LHP Mark Collins
Batting: SHB Theron Harper 0-0: Foul Ball, location: 2F
0-1: Ground out 6-3 (Groundball, 6)
Batting: RHB Vicente Carona 0-0: SINGLE (Groundball, 56D)
Batting: RHB Tony Hernández 0-0: Called Strike
0-1: Ball
1-1: Fielders Choice at 2nd, 4-6 (Groundball, 4)
Batting: LHB Bob Jones 0-0: Ball
1-0: SINGLE (Flyball, 78M)
Tony Hernández to second
Runner from 2nd tries for 3rd, SAFE, no throw
Batting: RHB Nick Webb 0-0: Foul Ball, location: 2F
0-1: Ball
1-1: Ball
2-1: Ball
3-1: Foul Ball, location: 2F
3-2: Foul Ball, location: 2F
3-2: Ground out 6-3 (Groundball, 6)
Bottom of the 6th over - 0 runs, 2 hits, 0 errors, 2 left on base; Orlando 2 - El Dorado 1
TOP OF THE 7TH
Orlando Calrissian batting - Pitching for El Dorado Oilers : RHP Tomás Molina
Batting: LHB Craig Kenney 0-0: Foul Ball, location: 2F
0-1: Foul Ball, location: 2F
0-2: Strikes out swinging
Batting: LHB Zack Payton 0-0: Ball
1-0: Ball
2-0: Fly out, F7 (Flyball, 7LMF)
Batting: RHB Júlio Negrón 0-0: Ball
1-0: Ball
2-0: Ball
3-0: Called Strike
3-1: Foul Ball, location: 2F
3-2: Foul Ball, location: 2F
3-2: Strikes out swinging
Top of the 7th over - 0 runs, 0 hits, 0 errors, 0 left on base; Orlando 2 - El Dorado 1
BOTTOM OF THE 7TH
El Dorado Oilers batting - Pitching for Orlando Calrissian : LHP Mark Collins
Batting: RHB José Carlos Caraballo 0-0: Foul Ball, location: 2F
0-1: Ground out 5-3 (Groundball, 25)
Batting: RHB Bob Johnson 0-0: Ball
1-0: Foul Ball, location: 2F
1-1: Ground out 4-3 (Groundball, 4)
Batting: RHB Sixto Vélez 0-0: Ground out U3 (Groundball, 3)
Bottom of the 7th over - 0 runs, 0 hits, 0 errors, 0 left on base; Orlando 2 - El Dorado 1
TOP OF THE 8TH
Orlando Calrissian batting - Pitching for El Dorado Oilers : RHP Tomás Molina
Pitching: LHP António Coronado
Batting: RHB Jesús Gonzáles 0-0: Fly out, F8 (Flyball, 8RD)
Batting: RHB Griswold Coleman 0-0: Ball
1-0: Swinging Strike
1-1: Ball
2-1: Ball
3-1: Base on Balls
Batting: RHB Frederico Hernández 0-0: Ball
1-0: Foul Ball, location: 2F
1-1: Ball
2-1: Ball
3-1: Called Strike
3-2: Base on Balls
Griswold Coleman to second
Batting: RHB Gabriel Ángel 0-0: Ball
1-0: Called Strike
1-1: Foul Ball, location: 2F
1-2: Fly out, F9 (Flyball, 9S)
Batting: LHB Juan Colón 0-0: Foul Ball, location: 2F
0-1: Foul Ball, location: 2F
0-2: SINGLE (Flyball, 7S)
Griswold Coleman to third
Frederico Hernández to second
Batting: RHB Gustavo Rodríguez 0-0: Ball
1-0: Ball
2-0: Ball
3-0: Base on Balls
Griswold Coleman scores
Frederico Hernández to third
Juan Colón to second
Pinch Hitting: RHB Sean White 0-0: Foul Ball, location: 2F
0-1: Ball
1-1: Fly out, F8 (Flyball, 8RXD)
Top of the 8th over - 1 run, 1 hit, 0 errors, 3 left on base; Orlando 3 - El Dorado 1
BOTTOM OF THE 8TH
El Dorado Oilers batting - Pitching for Orlando Calrissian : LHP Mark Collins
Now in CF: Sean White
Batting: LHB Al Gaines 0-0: Foul Ball, location: 2F
0-1: Ball
1-1: Swinging Strike
1-2: Ground out 4-3 (Groundball, 4)
Pitching: RHP Raymond Gibbons
Batting: SHB Theron Harper 0-0: Ball
1-0: Foul Ball, location: 2F
1-1: DOUBLE (Line Drive, 9LS)
Batting: RHB Vicente Carona 0-0: Ball
1-0: Ground out 6-3 (Groundball, 6)
Theron Harper to third
Batting: RHB Tony Hernández 0-0: Called Strike
0-1: Ball
1-1: Foul Ball, location: 2F
1-2: Ground out 6-3 (Groundball, 6)
Bottom of the 8th over - 0 runs, 1 hit, 0 errors, 1 left on base; Orlando 3 - El Dorado 1
TOP OF THE 9TH
Orlando Calrissian batting - Pitching for El Dorado Oilers : LHP António Coronado
Batting: LHB Zack Payton 0-0: Foul Ball, location: 2F
0-1: Swinging Strike
0-2: Strikes out swinging
Batting: RHB Júlio Negrón 0-0: Ball
1-0: Ball
2-0: Called Strike
2-1: Ball
3-1: Base on Balls
Batting: RHB Jesús Gonzáles 0-0: Called Strike
0-1: Ball
1-1: SINGLE (Groundball, 34)
Júlio Negrón to second
Runner from 2nd tries for 3rd, SAFE, no throw
Pitching: RHP Kuang-yin Yue
Batting: RHB Griswold Coleman 0-0: Ball
1-0: Swinging Strike
1-1: Foul Ball, location: 2F
1-2: Ball
2-2: Fly out, F5 (Popup, 5SF)
Batting: RHB Frederico Hernández 0-0: Ground out 1-3 (Groundball, 13S)
Top of the 9th over - 0 runs, 1 hit, 0 errors, 2 left on base; Orlando 3 - El Dorado 1
BOTTOM OF THE 9TH
El Dorado Oilers batting - Pitching for Orlando Calrissian : RHP Raymond Gibbons
Pitching: LHP Mike Murray
Batting: LHB Bob Jones 0-0: Foul Ball, location: 2F
0-1: Ball
1-1: Ball
2-1: Swinging Strike
2-2: Strikes out looking
Batting: RHB Nick Webb 0-0: Called Strike
0-1: Ball
1-1: Swinging Strike
1-2: Ball
2-2: Ball
3-2: Foul Ball, location: 2F
3-2: Foul Ball, location: 2F
3-2: SINGLE (Line Drive, 89S)
Batting: RHB José Carlos Caraballo 0-0: Ball
1-0: Ball
2-0: Called Strike
2-1: Foul Ball, location: 2F
2-2: Strikes out swinging
Batting: RHB Bob Johnson 0-0: Ball
1-0: Ball
2-0: Called Strike
2-1: Fly out, F9 (Flyball, 9LMF)
Bottom of the 9th over - 0 runs, 1 hit, 0 errors, 1 left on base; Orlando 3 - El Dorado 1
Saturday, April 7th, 2018 - OOTP Baseball 18.8 Build 76